 Dungeon Crawl Stone Soup version 0.25.0-9-g26727b657a (webtiles) character file.

Game seed: 4814527462858857105

187 mopl the Conjurer (level 5, -2/42 HPs)
             Began as a Naga Conjurer on June 18, 2020.
             Slain by a flying skull (13 damage)
             ... created by the anger of Yredelemnul
             ... on level 4 of the Dungeon.
             The game lasted 00:07:55 (3040 turns).

mopl the Conjurer (Naga Conjurer)                   Turns: 3040, Time: 00:07:56

Health: -2/42      AC:  6    Str: 10    XL:     5   Next: 66%
Magic:  19/19      EV:  9    Int: 17    God:
Gold:   193        SH:  0    Dex: 11    Spells: 0/11 levels left

rFire    . . .     SeeInvis +   (no weapon)
rCold    . . .     Gourm    .   (no shield)
rNeg     . . .     Faith    .   a - +0 robe
rPois    +         Spirit   .   g - +2 helmet
rElec    .         Reflect  .   (no cloak)
rCorr    .         Harm     .   n - +0 pair of gloves
MR       .....                  (no barding)
Stlth    ++........             q - amulet of inaccuracy (curse)
HPRegen  0.14/turn              k - ring of wizardry
MPRegen  0.16/turn              v - ring of magical power

@: heavily drained, very slow
A: large, see invisible, deformed body, poison resistance, slowness 2, slow
metabolism 1, spit poison 1, AC +1
a: Spit Poison


You were on level 4 of the Dungeon.
You were not hungry.

You visited 1 branch of the dungeon, and saw 4 of its levels.

You collected 193 gold pieces.

Inventory:

Missiles
 i - 11 poisoned darts (quivered)
 m - 7 boomerangs
Armour
 a - a +0 robe (worn)
 b - a +0 kite shield
 g - a +2 helmet (worn)
 n - a +0 pair of gloves (worn)
 p - a +1 ring mail of cold resistance
Jewellery
 k - a ring of wizardry (left hand)
 l - an uncursed ring of protection from magic
 q - a cursed amulet of inaccuracy (around neck)
 v - a ring of magical power (right hand)
Wands
 o - a wand of polymorph (16)
Scrolls
 f - a scroll of magic mapping {unknown}
 j - 2 scrolls of enchant weapon
 r - 2 scrolls of identify {unknown}
Potions
 d - 2 potions of invisibility {unknown}
 e - a potion of might {unknown}
 h - 2 potions of curing {unknown}
 s - a potion of cancellation {unknown}
 t - a potion of stabbing {unknown}
 u - a potion of heal wounds {unknown}
Comestibles
 c - 4 rations
 w - 2 chunks of flesh


   Skills:
 - Level 1.5(0.0) Dodging
 - Level 3.0(1.4) Stealth
 * Level 3.8(2.2) Spellcasting
 * Level 5.3(3.7) Conjurations
 + Level 1.2(0.0) Hexes
 + Level 0.3(0.0) Translocations


You couldn't memorise any spells.
You knew the following spells:

 Your Spells              Type           Power        Failure   Level  Hunger
a - Magic Dart            Conj           ##..         1%          1    #......
b - Searing Ray           Conj           ##....       2%          2    ###....
c - Fulminant Prism       Conj/Hex       #.........   32%         4    #####..
d - Iskenderun's Mystic   Conj/Tloc      #.......     32%         4    #####..

Your spell library contained the following spells:

 Spells                   Type           Power        Failure   Level  Hunger
 Dazzling Flash           Conj/Hex       #.....       11%         3    ###....


Dungeon Overview and Level Annotations

Branches:
Dungeon (4/15)
 Temple: D:4-7

Altars:
Qazlal
Xom
Yredelemnul
The Shining One


Innate Abilities, Weirdness & Mutations

You cannot wear boots.
Your serpentine skin is tough. (AC +1)
You have supernaturally acute eyesight. (SInv)
Armour fits poorly on your strangely shaped body.
Your system is resistant to poisons. (rPois)
You cover ground very slowly.
You have a slow metabolism.
You can spit poison.


Message History

w - 3 chunks of flesh (gained 2)
You see here a quokka skeleton.
Found 20 stones.
Eating one of 3 chunks of flesh.
You eat one of the 3 chunks of flesh.
This raw flesh tastes terrible.
Yredelemnul's anger turns toward you for a moment.
The bolt of negative energy hits you!
You feel drained.
You start resting.
Yredelemnul's anger turns toward you for a moment.
The bolt of negative energy hits you!!
You feel drained.
Ouch! That really hurt!
* * * LOW HITPOINT WARNING * * *
The divine experience confuses you!
You are confused.
You start resting.
You feel less confused.
You start resting.
Yredelemnul sends servants to punish you.
A wight and 5 flying skulls come into view.
The flying skull hits you!
You die...

### #.# ##### # ##.##
###.#.### #.##
#...###..###..# #..#
##.(....### ##..
#zz####....#..# ##.
#z.##....#...### ##.
##z............####..
#.z@...........รท....
#..z.##...##.........
#...####........##..>
#..## ##......####..
#...# ##.....# #..
.....# #.....## #..
..##.. ##.#....##..
.# #. #.###.....#
#..###....#


You could see 5 flying skulls and a wight.

Vanquished Creatures
  A worker ant (D:4)
  Ijyb (D:3)
  Robin (D:3)
  An adder (D:2)
  A worm (D:3)
  4 dart slugs
  4 leopard geckos
  An orc (D:3)
  11 bats
  4 giant cockroaches
  20 goblins
  9 hobgoblins
  9 jackals
  6 kobolds
  4 quokkas
  3 ball pythons
  7 frilled lizards
  5 rats
92 creatures vanquished.

Notes
Turn   | Place    | Note
-------+----------+-------------------------------------------
     0 | D:1      | mopl the Naga Conjurer began the quest for the Orb.
     0 | D:1      | Reached XP level 1. HP: 15/15 MP: 3/3
   221 | D:1      | Reached XP level 2. HP: 19/22 MP: 3/5
   225 | D:1      | Learned a level 2 spell: Searing Ray
   524 | D:1      | Reached XP level 3. HP: 27/28 MP: 3/6
   915 | D:2      | Found a glowing golden altar of the Shining One.
  1074 | D:2      | Reached XP level 4. HP: 31/36 MP: 1/8
  1096 | D:2      | Learned a level 4 spell: Fulminant Prism
  1358 | D:2      | Found a shimmering altar of Xom.
  1526 | D:3      | Found a stormy altar of Qazlal.
  1527 | D:3      | Reached skill level 5 in Conjurations
  1642 | D:3      | Noticed Ijyb
  1654 | D:3      | Killed Ijyb
  1654 | D:3      | Reached XP level 5. HP: 41/42 MP: 0/10
  1941 | D:3      | Noticed Robin
  1967 | D:3      | Reached skill level 1 in Hexes
  1983 | D:3      | Killed Robin
  2330 | D:3      | Found a faded altar of an unknown god.
  2339 | D:3      | Became a worshipper of Yredelemnul the Dark
  2339 | D:3      | Reached * piety under Yredelemnul
  2340 | D:3      | Fell from the grace of Yredelemnul
  2470 | D:3      | Learned a level 4 spell: Iskenderun's Mystic Blast
  3039 | D:4      | Noticed a flying skull
  3039 | D:4      | Noticed a flying skull
  3039 | D:4      | Noticed a flying skull
  3039 | D:4      | Noticed a flying skull
  3039 | D:4      | Noticed a flying skull
  3040 | D:4      | Slain by a flying skull

Illustrated notes

Levels and vault maps discovered:
D:1:      wander_arrival_peaceful_grave, layout_loops_corners, grunt_decor_cap
D:2:      layout_rooms, overflow_temple_1_default,
          chequers_serial_rivers_micro_b, tgw_xom
D:3:      cheibrodos_helix_gallery, layout_basic, old_standard_altar,
          first_ration, chequers_ecumenical_altar_simple, uniq_robin, uniq_ijyb
D:4:      layout_layer_cave, uniq_crazy_yiuf_cottage, uniq_pikel

Skill      XL: |  1  2  3  4  5 |
---------------+----------------+-----
Spellcasting   | 3 |  3.8
Conjurations   | 5 |  5.3
Hexes          | 1 |  1.2
Dodging        | |  1.5
Stealth        | |  3.0
Translocations | |  0.3

Action                   |  1- 3 |  4- 6 || total
-------------------------+-------+-------++-------
Melee: Unarmed           |    53 |    10 ||    63
Throw: Dart              |       |     2 ||     2
 Cast: Magic Dart        |    61 |    53 ||   114
       Searing Ray       |       |    11 ||    11
Invok: Renounce Religion |       |     1 ||     1
 Abil: Spit Poison       |    15 |    15 ||    30
  Use: Scroll            |       |     1 ||     1
  Eat: Chunk             |     1 |     7 ||     8
Armor: Robe              |    95 |    37 ||   132
Dodge: Dodged            |   102 |    49 ||   151
